Demolitions vs Sewer Rats (R1)

Created - 20 mai 2016 at 19:51

Goals
1 2 3 T
Demolitions 1 2 2 5
Sewer Rats 2 1 1 4
Shots
1 2 3 T
Demolitions 11 18 12 41
Sewer Rats 22 6 3 31

1st period

1. Sewer Rats , Peter Mueller 6 (Mark Mancari) at 4:26
2. Sewer Rats , Jonathan Paiement 1 (Kyle Turris, Nick Palmieri) at 7:29 (PP)
3. Demolitions , Marek Zagrapan 3 (Matt D'Agostini) at 17:20 (PP)

Penalties :
Mike Funk (Tol) for Tripping (Minor) at 1:33, Nicolas Blanchard (Vic) for Hooking (Minor) at 6:47, Ville Leino (Tol) for Holding (Minor) at 16:14

2nd period

4. Sewer Rats , Lars Eller 11 (Jared Boll, Kyle Quincey) at 9:47
5. Demolitions , Ryan Vesce 11 (Billy Sweat, Robert Bortuzzo) at 15:41
6. Demolitions , Ryan Vesce 12 (Anton Babchuk, Darren Helm) at 19:26 (PP)

Penalties :
Cameron Schilling (Vic) for Hooking (Minor) at 0:40, Anton Babchuk (Vic) for Charging (Minor) at 9:57, Kyle Quincey (Tol) for Hooking (Minor) at 18:59

3rd period

7. Sewer Rats , Mark Mancari 6 (Kyle Quincey, Matt Lashoff) at 2:48 (PP)
8. Demolitions , Bobby Butler 9 (Ryan Vesce, Darren Helm) at 8:31 (PP)
9. Demolitions , Josh Beaulieu 1 (Konstantin Pushkarev, Cameron Schilling) at 16:10

Penalties :
Nick Palmieri (Tol) for Hooking (Minor) at 0:31, Kyle Quincey (Tol) for Hooking (Minor) at 0:39, Marek Zagrapan (Vic) for Tripping (Minor) at 1:35, Nick Palmieri (Tol) for Hooking (Minor) at 3:34, Mattias Ekholm (Tol) for Roughing (Minor) at 8:23, Chris Wideman (Vic) for Hooking (Minor) at 10:21, Patrick Bordeleau (Tol) for Slashing (Minor) at 18:24, Cameron Schilling (Vic) for Hooking (Minor) at 19:54

Goalie Stats

Ray Emery (Vic), 27 saves from 31 shots - (0,871), W, 6-2-1, 60:00 minutes
Richard Bachman (Tol), 36 saves from 41 shots - (0,878), L, 0-3-0, 60:00 minutes

Players Stats for Demolitions

Player Name              G  A  P  +/- PIM S  H  SB GA TA FO     MP     PP MP  PK MP  
------------------------------------------------------------------------------------
Alex Hutchings           0  0  0   0  0   0  0  0  0  0  0/0     1:55   0:00   1:24 
Andrew Campbell          0  0  0  -1  0   1  0  1  0  0  0/0    10:33   0:00   0:15 
Anssi Salmela            0  0  0   0  0   0  0  1  0  0  0/0    17:00   2:36   2:30 
Anton Babchuk            0  1  1   0  2   5  0  2  2  1  0/0    26:04   5:37   2:48 
Billy Sweat              0  1  1   0  0   3  2  0  1  0  0/1    10:27   0:00   0:00 
Bobby Butler             1  0  1   0  0   3  0  0  0  1  6/11   23:29   4:14   3:43 
Cameron Schilling        0  1  1   0  4   2  2  2  0  3  0/0    26:05   5:36   3:00 
Chris Wideman            0  0  0   1  2   0  0  0  0  2  0/0     5:44   0:00   0:00 
Corban Knight            0  0  0   0  0   0  0  0  0  0  2/5     7:14   0:00   0:00 
Darren Helm              0  2  2   0  0   3  0  1  1  1  18/32  20:44   4:14   1:36 
David Laliberté          0  0  0   0  0   8  2  1  0  0  1/2    12:35   0:00   1:37 
David Rundblad           0  0  0   0  0   0  1  0  0  0  0/0    16:53   2:36   2:23 
Josh Beaulieu            1  0  1   0  0   2  0  0  0  0  0/0     7:14   0:00   0:00 
Konstantin Pushkarev     0  1  1   0  0   1  0  0  0  1  0/0     7:14   0:00   0:00 
Marek Zagrapan           1  0  1   0  2   3  1  0  1  0  4/11   14:40   3:58   0:00 
Masi Marjamaki           0  0  0   0  0   0  0  0  0  0  0/0     0:00   0:00   0:00 
Matt D'Agostini          0  1  1   0  0   0  1  0  0  0  0/0    14:41   3:59   0:00 
Nick Pryor               0  0  0   0  0   0  0  0  0  0  0/0     3:55   0:00   2:42 
Nicolas Blanchard        0  0  0   0  2   0  3  0  0  0  6/9    10:26   0:00   0:00 
Nigel Dawes              0  0  0   0  0   4  0  0  3  0  0/1    16:49   3:59   1:36 
Robert Bortuzzo          0  1  1   1  0   0  0  0  0  0  0/0     5:24   0:00   0:00 
Ryan Vesce               2  1  3   0  0   6  2  3  0  2  1/1    23:28   4:14   3:42 
Seth Helgeson            0  0  0  -1  0   0  0  0  0  0  0/0     9:18   0:00   0:00 
Taylor Aronson           0  0  0   0  0   0  0  0  0  0  0/0     0:05   0:00   0:00 

Players Stats for Sewer Rats

Player Name              G  A  P  +/- PIM S  H  SB GA TA FO     MP     PP MP  PK MP  
------------------------------------------------------------------------------------
Chad Denny               0  0  0   0  0   0  0  0  0  0  0/0     4:08   0:00   0:00 
Derek Dorsett            0  0  0  -1  0   0  1  0  2  0  0/0     7:04   0:00   0:00 
Jared Boll               0  1  1   0  0   1  1  0  0  0  0/0    11:16   0:10   0:00 
Jarred Tinordi           0  0  0   0  0   0  0  2  0  0  0/0     4:08   0:00   0:00 
Jonathan Marchessault    0  0  0  -1  0   0  0  0  0  1  1/2     7:04   0:00   0:00 
Jonathan Paiement        1  0  1   0  0   1  0  1  1  1  0/0    18:12   2:54   2:51 
Kyle Quincey             0  2  2   0  4   1  0  1  1  0  0/0    25:59   3:55   4:37 
Kyle Turris              0  1  1   0  0   1  3  2  0  0  6/11   15:12   2:23   1:01 
Lars Eller               1  0  1   0  0   6  2  1  0  1  3/9    12:19   0:00   1:16 
Mark Mancari             1  1  2   1  0   6  4  0  1  1  2/3    23:58   4:26   5:24 
Matt Lashoff             0  1  1   0  0   2  3  2  0  0  0/0    27:48   3:55   6:17 
Mattias Ekholm           0  0  0   0  2   1  0  1  0  1  0/0     9:51   0:00   0:00 
Mike Funk                0  0  0   0  2   0  0  0  0  0  0/0    11:48   0:10   1:39 
Nick Palmieri            0  1  1   0  4   0  1  0  0  1  0/0    15:25   2:23   0:59 
Patrick Bordeleau        0  0  0   0  2   0  1  1  0  0  0/1    11:02   0:00   0:00 
Peter Mueller            1  0  1   1  0   3  5  0  1  0  17/34  19:41   4:16   1:42 
Steven Kampfer           0  0  0   0  0   2  1  1  2  1  0/0    18:12   2:54   2:51 
Tom Sestito              0  0  0  -1  0   0  1  0  0  0  0/0     7:04   0:00   0:00 
Ville Leino              0  0  0   1  2   4  1  0  2  1  5/11   23:43   4:16   5:28 
Vojtech Polak            0  0  0   0  0   3  1  1  1  0  1/2    14:46   2:23   0:35 

3 Stars

1 - Ryan Vesce (Vic)
2 - Mark Mancari (Tol)
3 - Peter Mueller (Tol)

Power Play

Demolitions - 3 on 8 Attempt(s) - 37,50%
Sewer Rats - 2 on 6 Attempt(s) - 33,33%

Penalty Kill

Demolitions - 4 on 6 Attempt(s) - 66,67% - Score 0 goal in Penalty Kill
Sewer Rats - 5 on 8 Attempt(s) - 62,50% - Score 0 goal in Penalty Kill

Team Stat

Demolitions - Hits : 14 - Faceoff Wins : 38 - Blocked Shots : 11 - Penalty Minutes : 12
Sewer Rats - Hits : 25 - Faceoff Wins : 35 - Blocked Shots : 13 - Penalty Minutes : 16

Official

Referees : O'Halloran Dan and Charron Francis
Linesman : Pierre Racicot and Derek Nansen

Game Notes

8:31 of 3rd period - Demolitions goal is going for a video replay. After video review, Goal.

Finance

Level 1 -- Attendance: 2000 (100,00%) -- Ticket Income 60 000 $
Level 2 -- Attendance: 1000 (100,00%) -- Ticket Income 12 000 $
Total Attendance: 3000 (100,00%)
Total Ticket Income: 72 000 $
Other Income: 3 600 $
Total Income: 75 600 $

Demolitions

5 vs 5 Forward 
   Center                   Left Wing                Right Wing               Time % Phy DF OF 
 1 Darren Helm              Bobby Butler             Ryan Vesce               40     1   2  2  
 2 Marek Zagrapan           Nigel Dawes              Matt D'Agostini          30     1   2  2  
 3 Nicolas Blanchard        Billy Sweat              David Laliberté          20     1   2  2  
 4 Corban Knight            Josh Beaulieu            Konstantin Pushkarev     10     1   2  2  

5 vs 5 Defense 
   Defense                  Defense                                           Time % Phy DF OF 
 1 Cameron Schilling        Anton Babchuk                                     40     1   2  2  
 2 Anssi Salmela            David Rundblad                                    30     1   2  2  
 3 Andrew Campbell          Seth Helgeson                                     20     1   2  2  
 4 Robert Bortuzzo          Chris Wideman                                     10     1   2  2  

PowerPlay Forward 
   Center                   Left Wing                Right Wing               Time % Phy DF OF 
 1 Darren Helm              Bobby Butler             Ryan Vesce               60     1   2  2  
 2 Marek Zagrapan           Nigel Dawes              Matt D'Agostini          40     1   2  2  

PowerPlay Defense
   Defense                  Defense                                           Time % Phy DF OF 
 1 Cameron Schilling        Anton Babchuk                                     60     1   2  2  
 2 Anssi Salmela            David Rundblad                                    40     1   2  2  

Penalty Kill 4 Players Forward 
   Center                   Wing                     Time % Phy DF OF 
 1 Bobby Butler             Ryan Vesce               60     1   2  2  
 2 Nigel Dawes              Darren Helm              40     1   2  2  

Penalty Kill 4 Players Defense
   Defense                  Defense                  Time % Phy DF OF 
 1 Cameron Schilling        Anton Babchuk            60     1   2  2  
 2 Anssi Salmela            David Rundblad           40     1   2  2  

Penalty Kill - 3 Players Forward 
   Forward                                           Time % Phy DF OF 
 1 Bobby Butler                                      60     1   2  2  
 2 Ryan Vesce                                        40     1   2  2  

Penalty Kill - 3 Players Defense
   Defense                  Defense                  Time % Phy DF OF 
 1 Cameron Schilling        Anton Babchuk            60     1   2  2  
 2 Anssi Salmela            David Rundblad           40     1   2  2  

4 vs 4 Forward 
   Center                   Wing                     Time % Phy DF OF 
 1 Bobby Butler             Ryan Vesce               60     1   2  2  
 2 Nigel Dawes              Darren Helm              40     1   2  2  

4 vs 4 Defense
   Defense                  Defense                  Time % Phy DF OF 
 1 Cameron Schilling        Anton Babchuk            60     1   2  2  
 2 Anssi Salmela            David Rundblad           40     1   2  2  

Last Minutes Offensive
   Center                   Left Wing                Right Wing               Defense                  Defense                  
   Darren Helm              Bobby Butler             Ryan Vesce               Cameron Schilling        Anton Babchuk            

Last Minutes Defensive
   Center                   Left Wing                Right Wing               Defense                  Defense                  
   Darren Helm              Bobby Butler             Ryan Vesce               Cameron Schilling        Anton Babchuk            

Goaltenders
Starting : Ray Emery                
Backup : Brent Krahn              

Extra Forwards
Normal : Masi Marjamaki, Alex Hutchings, David Laliberté - PP : Masi Marjamaki, Alex Hutchings - PK : David Laliberté
Extra Defensemen
Normal : Taylor Aronson, Nick Pryor, Andrew Campbell - PP : Taylor Aronson - PK : Nick Pryor, Andrew Campbell
Penalty Shots
Bobby Butler, Ryan Vesce, Nigel Dawes, Darren Helm, Matt D'Agostini

Sewer Rats

5 vs 5 Forward 
   Center                   Left Wing                Right Wing               Time % Phy DF OF 
 1 Peter Mueller            Ville Leino              Mark Mancari             40     1   2  2  
 2 Kyle Turris              Vojtech Polak            Nick Palmieri            30     1   2  2  
 3 Lars Eller               Patrick Bordeleau        Jared Boll               20     1   2  2  
 4 Jonathan Marchessault    Tom Sestito              Derek Dorsett            10     1   2  2  

5 vs 5 Defense 
   Defense                  Defense                                           Time % Phy DF OF 
 1 Matt Lashoff             Kyle Quincey                                      40     1   2  2  
 2 Steven Kampfer           Jonathan Paiement                                 30     1   2  2  
 3 Mattias Ekholm           Mike Funk                                         20     1   2  2  
 4 Chad Denny               Jarred Tinordi                                    10     1   2  2  

PowerPlay Forward 
   Center                   Left Wing                Right Wing               Time % Phy DF OF 
 1 Peter Mueller            Ville Leino              Mark Mancari             60     1   2  2  
 2 Kyle Turris              Vojtech Polak            Nick Palmieri            40     1   2  2  

PowerPlay Defense
   Defense                  Defense                                           Time % Phy DF OF 
 1 Matt Lashoff             Kyle Quincey                                      60     1   2  2  
 2 Steven Kampfer           Jonathan Paiement                                 40     1   2  2  

Penalty Kill 4 Players Forward 
   Center                   Wing                     Time % Phy DF OF 
 1 Ville Leino              Mark Mancari             60     1   2  2  
 2 Nick Palmieri            Peter Mueller            40     1   2  2  

Penalty Kill 4 Players Defense
   Defense                  Defense                  Time % Phy DF OF 
 1 Matt Lashoff             Kyle Quincey             60     1   2  2  
 2 Steven Kampfer           Jonathan Paiement        40     1   2  2  

Penalty Kill - 3 Players Forward 
   Forward                                           Time % Phy DF OF 
 1 Ville Leino                                       60     1   2  2  
 2 Mark Mancari                                      40     1   2  2  

Penalty Kill - 3 Players Defense
   Defense                  Defense                  Time % Phy DF OF 
 1 Matt Lashoff             Kyle Quincey             60     1   2  2  
 2 Steven Kampfer           Jonathan Paiement        40     1   2  2  

4 vs 4 Forward 
   Center                   Wing                     Time % Phy DF OF 
 1 Ville Leino              Mark Mancari             60     1   2  2  
 2 Nick Palmieri            Peter Mueller            40     1   2  2  

4 vs 4 Defense
   Defense                  Defense                  Time % Phy DF OF 
 1 Matt Lashoff             Kyle Quincey             60     1   2  2  
 2 Steven Kampfer           Jonathan Paiement        40     1   2  2  

Last Minutes Offensive
   Center                   Left Wing                Right Wing               Defense                  Defense                  
   Peter Mueller            Ville Leino              Mark Mancari             Matt Lashoff             Kyle Quincey             

Last Minutes Defensive
   Center                   Left Wing                Right Wing               Defense                  Defense                  
   Peter Mueller            Ville Leino              Mark Mancari             Matt Lashoff             Kyle Quincey             

Goaltenders
Starting : Richard Bachman          
Backup : Martin Biron             

Extra Forwards
Normal : Jared Boll, Derek Dorsett, Lars Eller - PP : Jared Boll, Derek Dorsett - PK : Lars Eller
Extra Defensemen
Normal : Mattias Ekholm, Mike Funk, Chad Denny - PP : Mattias Ekholm - PK : Mike Funk, Chad Denny
Penalty Shots
Ville Leino, Mark Mancari, Nick Palmieri, Peter Mueller, Vojtech Polak

% Time on Ice - Demolitions

Lines # - Real PCT - Wanted PCT - Time Play
Normal Forward
1 - 35% - 40% - 15:14
2 - 25% - 30% - 10:55
3 - 24% - 20% - 10:27
4 - 17% - 10% - 7:14
Normal Defense
1 - 39% - 40% - 17:18
2 - 27% - 30% - 11:50
3 - 21% - 20% - 9:18
4 - 12% - 10% - 5:24
PP Forward
1 - 52% - 60% - 4:14
2 - 48% - 40% - 3:59
PP Defense
1 - 68% - 60% - 5:37
2 - 32% - 40% - 2:36
PK Forward
1 - 77% - 60% - 5:13
2 - 23% - 40% - 1:36
PK Defense
1 - 65% - 60% - 4:26
2 - 35% - 40% - 2:23
PK3 Forward
1 - 0% - 60%
2 - 0% - 40%
PK3 Defense
1 - 0% - 60%
2 - 0% - 40%
44 Forward
1 - 72% - 60% - 0:49
2 - 28% - 40% - 0:19
44 Defense
1 - 94% - 60% - 1:04
2 - 6% - 40% - 0:04
Last Minute Offensive  - 0:00
Last Minute Defensive  - 0:00
Total
Forward - 60:00
Defense - 60:00

% Time on Ice - Sewer Rats

Lines # - Real PCT - Wanted PCT - Time Play
Normal Forward
1 - 32% - 40% - 13:55
2 - 27% - 30% - 11:48
3 - 25% - 20% - 11:03
4 - 16% - 10% - 7:04
Normal Defense
1 - 40% - 40% - 17:23
2 - 28% - 30% - 12:27
3 - 23% - 20% - 9:52
4 - 9% - 10% - 4:08
PP Forward
1 - 65% - 60% - 4:26
2 - 35% - 40% - 2:23
PP Defense
1 - 57% - 60% - 3:55
2 - 43% - 40% - 2:54
PK Forward
1 - 77% - 60% - 5:35
2 - 23% - 40% - 1:42
PK Defense
1 - 70% - 60% - 5:05
2 - 30% - 40% - 2:12
PK3 Forward
1 - 78% - 60% - 1:27
2 - 22% - 40% - 0:24
PK3 Defense
1 - 65% - 60% - 1:12
2 - 35% - 40% - 0:39
44 Forward
1 - 62% - 60% - 0:08
2 - 38% - 40% - 0:05
44 Defense
1 - 100% - 60% - 0:13
2 - 0% - 40% - 0:00
Last Minute Offensive  - 0:00
Last Minute Defensive  - 0:00
Total
Forward - 60:00
Defense - 60:00

Play by Play

1st period


0:01 of 1st period - Darren Helm wins face-off versus Peter Mueller in neutral zone.
0:16 of 1st period - Wrist shot by Mark Mancari.
0:16 of 1st period - Stopped by Ray Emery without a rebound.
0:17 of 1st period - Marek Zagrapan wins face-off versus Kyle Turris in Demolitions zone.
0:52 of 1st period - Snap shot by David Laliberté.
0:52 of 1st period - Stopped by Richard Bachman without a rebound.
0:53 of 1st period - Corban Knight wins face-off versus Jonathan Marchessault in Sewer Rats zone.
1:18 of 1st period - Bobby Butler is hit by Mark Mancari and loses puck.
1:33 of 1st period - Minor Penalty to Mike Funk for Tripping.
1:34 of 1st period - Darren Helm wins face-off versus Ville Leino in Sewer Rats zone.
2:22 of 1st period - Ville Leino is hit by Ryan Vesce.
2:48 of 1st period - Anton Babchuk is hit by Peter Mueller and loses puck.
3:33 of 1st period - Penalty to Mike Funk is over, Mike Funk is back on ice.
3:39 of 1st period - Kyle Quincey is hit by Nicolas Blanchard and loses puck.
3:44 of 1st period - Backhand shot by David Laliberté.
3:44 of 1st period - Stopped by Richard Bachman without a rebound.
3:45 of 1st period - Nicolas Blanchard wins face-off versus Lars Eller in Sewer Rats zone.
3:58 of 1st period - Slapshot by Nicolas Blanchard.
3:58 of 1st period - Shot Blocked by Jarred Tinordi.
4:00 of 1st period - Slapshot by Robert Bortuzzo.
4:00 of 1st period - Shot Blocked by Jarred Tinordi.
4:22 of 1st period - Snap shot by Vojtech Polak.
4:22 of 1st period - Deflect By Nick Palmieri.
4:22 of 1st period - Shot Blocked by Cameron Schilling.
4:22 of 1st period - Puck is out of play.
4:23 of 1st period - Peter Mueller wins face-off versus Corban Knight in Demolitions zone.
4:26 of 1st period - Snap shot by Peter Mueller.
4:26 of 1st period - Goal by Peter Mueller - Demolitions : 0 - Sewer Rats : 1.
4:27 of 1st period - Darren Helm wins face-off versus Peter Mueller in neutral zone.
4:33 of 1st period - Icing by Ville Leino.
4:34 of 1st period - Bobby Butler wins face-off versus Peter Mueller in Sewer Rats zone.
4:39 of 1st period - Snap shot by Bobby Butler.
4:39 of 1st period - Stopped by Richard Bachman with a rebound.
4:53 of 1st period - Cameron Schilling is hit by Mark Mancari and loses puck.
5:12 of 1st period - Snap shot by Ryan Vesce.
5:12 of 1st period - Stopped by Richard Bachman without a rebound.
5:13 of 1st period - Marek Zagrapan wins face-off versus Kyle Turris in Sewer Rats zone.
5:26 of 1st period - Snap shot by Matt D'Agostini.
5:26 of 1st period - Shot Blocked by Jonathan Paiement.
5:28 of 1st period - Slapshot by Anssi Salmela.
5:28 of 1st period - Shot Misses the Net.
5:47 of 1st period - Snap shot by Nicolas Blanchard.
5:47 of 1st period - Deflect By David Laliberté.
5:47 of 1st period - Shot Blocked by Steven Kampfer.
5:47 of 1st period - Puck is out of play.
5:48 of 1st period - Peter Mueller wins face-off versus Marek Zagrapan in Sewer Rats zone.
6:19 of 1st period - Snap shot by Ryan Vesce.
6:19 of 1st period - Shot Misses the Net.
6:21 of 1st period - Snap shot by Darren Helm.
6:21 of 1st period - Stopped by Richard Bachman with a rebound.
6:45 of 1st period - Snap shot by Lars Eller.
6:45 of 1st period - Stopped by Ray Emery with a rebound.
6:47 of 1st period - Minor Penalty to Nicolas Blanchard for Hooking.
6:48 of 1st period - Bobby Butler wins face-off versus Peter Mueller in Demolitions zone.
7:22 of 1st period - Darren Helm is hit by Kyle Turris and loses puck.
7:27 of 1st period - Snap shot by Kyle Turris.
7:27 of 1st period - Stopped by Ray Emery with a rebound.
7:29 of 1st period - Slapshot by Jonathan Paiement.
7:29 of 1st period - Goal by Jonathan Paiement - Demolitions : 0 - Sewer Rats : 2.
7:30 of 1st period - Darren Helm wins face-off versus Peter Mueller in neutral zone.
7:39 of 1st period - Slapshot by Bobby Butler.
7:39 of 1st period - Shot Blocked by Mattias Ekholm.
8:02 of 1st period - Slapshot by Steven Kampfer.
8:02 of 1st period - Stopped by Ray Emery without a rebound.
8:03 of 1st period - Peter Mueller wins face-off versus Marek Zagrapan in Demolitions zone.
8:06 of 1st period - Snap shot by Ville Leino.
8:06 of 1st period - Deflect By Peter Mueller.
8:06 of 1st period - Shot Misses the Net.
8:06 of 1st period - Puck is out of play.
8:07 of 1st period - Peter Mueller wins face-off versus Marek Zagrapan in Demolitions zone.
8:18 of 1st period - Wrist shot by Ville Leino.
8:18 of 1st period - Shot Misses the Net.
8:20 of 1st period - Snap shot by Peter Mueller.
8:20 of 1st period - Stopped by Ray Emery with a rebound.
8:43 of 1st period - Snap shot by Jared Boll.
8:43 of 1st period - Deflect By Lars Eller.
8:43 of 1st period - Stopped by Ray Emery with a rebound.
8:59 of 1st period - Wrist shot by Vojtech Polak.
8:59 of 1st period - Stopped by Ray Emery with a rebound.
9:44 of 1st period - Matt Lashoff is hit by Matt D'Agostini and loses puck.
9:49 of 1st period - Snap shot by Nigel Dawes.
9:49 of 1st period - Stopped by Richard Bachman without a rebound.
9:50 of 1st period - Ryan Vesce wins face-off versus Peter Mueller in Sewer Rats zone.
10:15 of 1st period - Vojtech Polak is hit by David Laliberté and loses puck.
10:26 of 1st period - Steven Kampfer is hit by Billy Sweat and loses puck.
10:45 of 1st period - Wrist shot by Lars Eller.
10:45 of 1st period - Deflect By Jared Boll.
10:45 of 1st period - Shot Misses the Net.
10:45 of 1st period - Puck is out of play.
10:46 of 1st period - Peter Mueller wins face-off versus Darren Helm in Demolitions zone.
10:55 of 1st period - Wrist shot by Peter Mueller.
10:55 of 1st period - Deflect By Mark Mancari.
10:55 of 1st period - Stopped by Ray Emery with a rebound.
11:20 of 1st period - Slapshot by Ville Leino.
11:20 of 1st period - Stopped by Ray Emery without a rebound.
11:21 of 1st period - Darren Helm wins face-off versus Kyle Turris in Demolitions zone.
11:34 of 1st period - Darren Helm is hit by Kyle Turris and loses puck.
11:47 of 1st period - Lars Eller is hit by Billy Sweat.
11:53 of 1st period - Snap shot by Billy Sweat.
11:53 of 1st period - Stopped by Richard Bachman with a rebound.
12:37 of 1st period - Nigel Dawes is hit by Peter Mueller and loses puck.
12:52 of 1st period - Ryan Vesce is hit by Kyle Turris and loses puck.
13:15 of 1st period - Slapshot by Jared Boll.
13:15 of 1st period - Stopped by Ray Emery without a rebound.
13:16 of 1st period - Darren Helm wins face-off versus Lars Eller in Demolitions zone.
13:29 of 1st period - Snap shot by Bobby Butler.
13:29 of 1st period - Shot Misses the Net.
13:31 of 1st period - Wrist shot by Darren Helm.
13:31 of 1st period - Stopped by Richard Bachman with a rebound.
13:41 of 1st period - Anton Babchuk is hit by Ville Leino and loses puck.
14:19 of 1st period - Robert Bortuzzo is hit by Peter Mueller.
14:29 of 1st period - Slapshot by Peter Mueller.
14:29 of 1st period - Shot Misses the Net.
14:37 of 1st period - Wrist shot by Ryan Vesce.
14:37 of 1st period - Stopped by Richard Bachman without a rebound.
14:38 of 1st period - Kyle Turris wins face-off versus Marek Zagrapan in Sewer Rats zone.
15:03 of 1st period - Kyle Quincey is hit by Ryan Vesce.
15:07 of 1st period - Snap shot by Ryan Vesce.
15:07 of 1st period - Stopped by Richard Bachman without a rebound.
15:08 of 1st period - Lars Eller wins face-off versus Darren Helm in Sewer Rats zone.
15:51 of 1st period - Snap shot by Lars Eller.
15:51 of 1st period - Shot Misses the Net.
15:53 of 1st period - Wrist shot by Steven Kampfer.
15:53 of 1st period - Shot Blocked by Ryan Vesce.
15:55 of 1st period - Wrist shot by Patrick Bordeleau.
15:55 of 1st period - Shot Misses the Net.
15:57 of 1st period - Slapshot by Steven Kampfer.
15:57 of 1st period - Stopped by Ray Emery with a rebound.
15:59 of 1st period - Snap shot by Lars Eller.
15:59 of 1st period - Stopped by Ray Emery with a rebound.
16:11 of 1st period - Slapshot by Lars Eller.
16:11 of 1st period - Stopped by Ray Emery without a rebound.
16:12 of 1st period - Mark Mancari wins face-off versus Nicolas Blanchard in Demolitions zone.
16:14 of 1st period - Minor Penalty to Ville Leino for Holding.
16:15 of 1st period - Marek Zagrapan wins face-off versus Kyle Turris in Sewer Rats zone.
16:23 of 1st period - Off-side.
16:24 of 1st period - Kyle Turris wins face-off versus Marek Zagrapan in neutral zone.
16:27 of 1st period - Wrist shot by Mark Mancari.
16:27 of 1st period - Stopped by Ray Emery with a rebound.
16:33 of 1st period - Matt D'Agostini is hit by Matt Lashoff and loses puck.
17:18 of 1st period - Snap shot by Marek Zagrapan.
17:18 of 1st period - Shot Misses the Net.
17:20 of 1st period - Snap shot by Marek Zagrapan.
17:20 of 1st period - Goal by Marek Zagrapan - Demolitions : 1 - Sewer Rats : 2.
17:21 of 1st period - Kyle Turris wins face-off versus Darren Helm in neutral zone.
17:34 of 1st period - Slapshot by Vojtech Polak.
17:34 of 1st period - Deflect By Darren Helm.
17:34 of 1st period - Shot Misses the Net.
17:34 of 1st period - Puck is out of play.
17:35 of 1st period - Nicolas Blanchard wins face-off versus Peter Mueller in Demolitions zone.
17:35 of 1st period - Nicolas Blanchard is hit by Matt Lashoff.
18:44 of 1st period - Wrist shot by Lars Eller.
18:44 of 1st period - Stopped by Ray Emery with a rebound.
19:07 of 1st period - Snap shot by Mark Mancari.
19:07 of 1st period - Deflect By Ville Leino.
19:07 of 1st period - Stopped by Ray Emery with a rebound.
19:09 of 1st period - Slapshot by Mattias Ekholm.
19:09 of 1st period - Deflect By David Laliberté.
19:09 of 1st period - Stopped by Ray Emery with a rebound.
19:11 of 1st period - Wrist shot by Mark Mancari.
19:11 of 1st period - Stopped by Ray Emery without a rebound.
19:12 of 1st period - Vojtech Polak wins face-off versus Darren Helm in Demolitions zone.
19:17 of 1st period - Slapshot by Vojtech Polak.
19:17 of 1st period - Stopped by Ray Emery with a rebound.
19:19 of 1st period - Snap shot by Vojtech Polak.
19:19 of 1st period - Shot Blocked by Andrew Campbell.
19:21 of 1st period - Snap shot by Vojtech Polak.
19:21 of 1st period - Stopped by Ray Emery with a rebound.
19:23 of 1st period - Snap shot by Kyle Turris.
19:23 of 1st period - Deflect By Vojtech Polak.
19:23 of 1st period - Shot Misses the Net.
19:23 of 1st period - Puck is out of play.
19:24 of 1st period - Darren Helm wins face-off versus Peter Mueller in Demolitions zone.
Goals for this period are 1 for Demolitions vs 2 for Sewer Rats.
Shots for this period are 11 for Demolitions vs 22 for Sewer Rats.

2nd period


0:01 of 2nd period - Peter Mueller wins face-off versus Darren Helm in neutral zone.
0:04 of 2nd period - Ryan Vesce is hit by Mark Mancari and loses puck.
0:40 of 2nd period - Minor Penalty to Cameron Schilling for Hooking.
0:41 of 2nd period - Peter Mueller wins face-off versus Bobby Butler in Demolitions zone.
0:56 of 2nd period - Slapshot by Peter Mueller.
0:56 of 2nd period - Deflect By Ryan Vesce.
0:56 of 2nd period - Shot Blocked by Anton Babchuk.
0:56 of 2nd period - Puck is out of play.
0:57 of 2nd period - Peter Mueller wins face-off versus Bobby Butler in Demolitions zone.
1:28 of 2nd period - Wrist shot by Kyle Quincey.
1:28 of 2nd period - Shot Blocked by Darren Helm.
2:40 of 2nd period - Penalty to Cameron Schilling is over, Cameron Schilling is back on ice.
2:57 of 2nd period - Off-side.
2:58 of 2nd period - Corban Knight wins face-off versus Lars Eller in neutral zone.
3:05 of 2nd period - Snap shot by Konstantin Pushkarev.
3:05 of 2nd period - Shot Misses the Net.
3:40 of 2nd period - Icing by Robert Bortuzzo.
3:41 of 2nd period - Jonathan Marchessault wins face-off versus Corban Knight in Demolitions zone.
4:08 of 2nd period - Slapshot by Marek Zagrapan.
4:08 of 2nd period - Stopped by Richard Bachman with a rebound.
4:56 of 2nd period - Wrist shot by David Laliberté.
4:56 of 2nd period - Stopped by Richard Bachman with a rebound.
5:08 of 2nd period - Slapshot by Billy Sweat.
5:08 of 2nd period - Shot Misses the Net.
5:10 of 2nd period - Snap shot by David Laliberté.
5:10 of 2nd period - Stopped by Richard Bachman with a rebound.
5:18 of 2nd period - Snap shot by David Laliberté.
5:18 of 2nd period - Deflect By Billy Sweat.
5:18 of 2nd period - Shot Blocked by Kyle Quincey.
5:18 of 2nd period - Puck is out of play.
5:19 of 2nd period - Darren Helm wins face-off versus Peter Mueller in Sewer Rats zone.
5:26 of 2nd period - Mark Mancari is hit by Cameron Schilling and loses puck.
6:23 of 2nd period - Slapshot by Kyle Turris.
6:23 of 2nd period - Deflect By Nick Palmieri.
6:23 of 2nd period - Shot Misses the Net.
6:23 of 2nd period - Puck is out of play.
6:24 of 2nd period - Peter Mueller wins face-off versus Darren Helm in Demolitions zone.
6:49 of 2nd period - Kyle Quincey is hit by Nicolas Blanchard.
6:59 of 2nd period - Wrist shot by David Laliberté.
6:59 of 2nd period - Shot Misses the Net.
7:28 of 2nd period - Icing by Anton Babchuk.
7:29 of 2nd period - Peter Mueller wins face-off versus Corban Knight in Demolitions zone.
7:44 of 2nd period - Anton Babchuk is hit by Peter Mueller.
7:54 of 2nd period - Darren Helm is hit by Vojtech Polak and loses puck.
8:03 of 2nd period - Snap shot by Kyle Turris.
8:03 of 2nd period - Shot Blocked by Ryan Vesce.
8:17 of 2nd period - Snap shot by Nigel Dawes.
8:17 of 2nd period - Stopped by Richard Bachman with a rebound.
8:23 of 2nd period - Marek Zagrapan is hit by Jared Boll and loses puck.
9:07 of 2nd period - Snap shot by Konstantin Pushkarev.
9:07 of 2nd period - Stopped by Richard Bachman without a rebound.
9:08 of 2nd period - Darren Helm wins face-off versus Peter Mueller in Sewer Rats zone.
9:11 of 2nd period - Slapshot by Ryan Vesce.
9:11 of 2nd period - Stopped by Richard Bachman without a rebound.
9:12 of 2nd period - Darren Helm wins face-off versus Peter Mueller in Sewer Rats zone.
9:23 of 2nd period - Snap shot by Bobby Butler.
9:23 of 2nd period - Shot Misses the Net.
9:47 of 2nd period - Wrist shot by Lars Eller.
9:47 of 2nd period - Goal by Lars Eller - Demolitions : 1 - Sewer Rats : 3.
9:48 of 2nd period - Peter Mueller wins face-off versus Marek Zagrapan in neutral zone.
9:55 of 2nd period - Snap shot by Kyle Quincey.
9:55 of 2nd period - Stopped by Ray Emery with a rebound.
9:57 of 2nd period - Minor Penalty to Anton Babchuk for Charging.
9:58 of 2nd period - Peter Mueller wins face-off versus Bobby Butler in Demolitions zone.
10:01 of 2nd period - Snap shot by Ville Leino.
10:01 of 2nd period - Shot Blocked by Ryan Vesce.
10:03 of 2nd period - Snap shot by Peter Mueller.
10:03 of 2nd period - Stopped by Ray Emery with a rebound.
10:07 of 2nd period - Snap shot by Peter Mueller.
10:07 of 2nd period - Shot Misses the Net.
10:09 of 2nd period - Slapshot by Ville Leino.
10:09 of 2nd period - Shot Misses the Net.
10:11 of 2nd period - Wrist shot by Mark Mancari.
10:11 of 2nd period - Stopped by Ray Emery without a rebound.
10:12 of 2nd period - Bobby Butler wins face-off versus Peter Mueller in Demolitions zone.
11:22 of 2nd period - Icing by Ville Leino.
11:23 of 2nd period - David Laliberté wins face-off versus Peter Mueller in Sewer Rats zone.
11:28 of 2nd period - Wrist shot by Cameron Schilling.
11:28 of 2nd period - Shot Blocked by Matt Lashoff.
11:34 of 2nd period - Cameron Schilling is hit by Peter Mueller and loses puck.
11:47 of 2nd period - Slapshot by Cameron Schilling.
11:47 of 2nd period - Stopped by Richard Bachman with a rebound.
11:57 of 2nd period - Penalty to Anton Babchuk is over, Anton Babchuk is back on ice.
12:09 of 2nd period - Snap shot by Anton Babchuk.
12:09 of 2nd period - Stopped by Richard Bachman with a rebound.
12:19 of 2nd period - Snap shot by Mark Mancari.
12:19 of 2nd period - Shot Blocked by David Laliberté.
12:21 of 2nd period - Slapshot by Matt Lashoff.
12:21 of 2nd period - Stopped by Ray Emery with a rebound.
12:23 of 2nd period - Slapshot by Matt Lashoff.
12:23 of 2nd period - Shot Misses the Net.
12:25 of 2nd period - Wrist shot by Ville Leino.
12:25 of 2nd period - Shot Blocked by Anton Babchuk.
12:27 of 2nd period - Snap shot by Ville Leino.
12:27 of 2nd period - Stopped by Ray Emery without a rebound.
12:28 of 2nd period - Darren Helm wins face-off versus Vojtech Polak in Demolitions zone.
13:04 of 2nd period - Snap shot by Matt D'Agostini.
13:04 of 2nd period - Shot Blocked by Patrick Bordeleau.
13:44 of 2nd period - Wrist shot by Bobby Butler.
13:44 of 2nd period - Stopped by Richard Bachman with a rebound.
14:00 of 2nd period - Wrist shot by Nigel Dawes.
14:00 of 2nd period - Stopped by Richard Bachman with a rebound.
14:02 of 2nd period - Snap shot by Matt D'Agostini.
14:02 of 2nd period - Shot Misses the Net.
14:04 of 2nd period - Snap shot by Nigel Dawes.
14:04 of 2nd period - Shot Misses the Net.
14:16 of 2nd period - David Laliberté is hit by Tom Sestito and loses puck.
15:41 of 2nd period - Snap shot by Ryan Vesce.
15:41 of 2nd period - Goal by Ryan Vesce - Demolitions : 2 - Sewer Rats : 3.
15:42 of 2nd period - Peter Mueller wins face-off versus Darren Helm in neutral zone.
15:46 of 2nd period - Off-side.
15:47 of 2nd period - Darren Helm wins face-off versus Peter Mueller in neutral zone.
18:40 of 2nd period - Wrist shot by David Laliberté.
18:40 of 2nd period - Shot Misses the Net.
18:42 of 2nd period - Slapshot by Nicolas Blanchard.
18:42 of 2nd period - Shot Misses the Net.
18:44 of 2nd period - Slapshot by David Laliberté.
18:44 of 2nd period - Shot Blocked by Kyle Turris.
18:46 of 2nd period - Snap shot by Billy Sweat.
18:46 of 2nd period - Shot Misses the Net.
18:48 of 2nd period - Snap shot by David Laliberté.
18:48 of 2nd period - Stopped by Richard Bachman with a rebound.
18:50 of 2nd period - Wrist shot by David Laliberté.
18:50 of 2nd period - Stopped by Richard Bachman with a rebound.
18:52 of 2nd period - Snap shot by Billy Sweat.
18:52 of 2nd period - Stopped by Richard Bachman with a rebound.
18:54 of 2nd period - Slapshot by Nicolas Blanchard.
18:54 of 2nd period - Shot Blocked by Kyle Turris.
18:56 of 2nd period - Slapshot by Andrew Campbell.
18:56 of 2nd period - Deflect By Nick Palmieri.
18:56 of 2nd period - Stopped by Richard Bachman without a rebound.
18:57 of 2nd period - Peter Mueller wins face-off versus Darren Helm in Sewer Rats zone.
18:59 of 2nd period - Minor Penalty to Kyle Quincey for Hooking.
19:00 of 2nd period - Ville Leino wins face-off versus Darren Helm in Sewer Rats zone.
19:10 of 2nd period - Wrist shot by Darren Helm.
19:10 of 2nd period - Stopped by Richard Bachman with a rebound.
19:12 of 2nd period - Slapshot by Anton Babchuk.
19:12 of 2nd period - Stopped by Richard Bachman without a rebound.
19:13 of 2nd period - Darren Helm wins face-off versus Mark Mancari in Sewer Rats zone.
19:24 of 2nd period - Wrist shot by Darren Helm.
19:24 of 2nd period - Shot Hit the Post.
19:26 of 2nd period - Slapshot by Anton Babchuk.
19:26 of 2nd period - Deflect By Ryan Vesce.
19:26 of 2nd period - Goal by Ryan Vesce - Demolitions : 3 - Sewer Rats : 3.
19:27 of 2nd period - Peter Mueller wins face-off versus Darren Helm in neutral zone.
19:52 of 2nd period - Ryan Vesce is hit by Patrick Bordeleau and loses puck.
Goals for this period are 2 for Demolitions vs 1 for Sewer Rats.
Shots for this period are 18 for Demolitions vs 6 for Sewer Rats.

3rd period


0:01 of 3rd period - Darren Helm wins face-off versus Peter Mueller in neutral zone.
0:31 of 3rd period - Minor Penalty to Nick Palmieri for Hooking.
0:32 of 3rd period - Ville Leino wins face-off versus Bobby Butler in Sewer Rats zone.
0:39 of 3rd period - Minor Penalty to Kyle Quincey for Hooking.
0:40 of 3rd period - Bobby Butler wins face-off versus Ville Leino in Sewer Rats zone.
1:06 of 3rd period - Mike Funk is hit by Cameron Schilling and loses puck.
1:33 of 3rd period - Snap shot by Lars Eller.
1:33 of 3rd period - Shot Blocked by Anssi Salmela.
1:35 of 3rd period - Minor Penalty to Marek Zagrapan for Tripping.
1:36 of 3rd period - Bobby Butler wins face-off versus Ville Leino in Demolitions zone.
2:29 of 3rd period - Slapshot by Anton Babchuk.
2:29 of 3rd period - Shot Blocked by Matt Lashoff.
2:31 of 3rd period - Penalty to Nick Palmieri is over, Nick Palmieri is back on ice.
2:39 of 3rd period - Penalty to Kyle Quincey is over, Kyle Quincey is back on ice.
2:41 of 3rd period - Anssi Salmela is hit by Mark Mancari and loses puck.
2:48 of 3rd period - Wrist shot by Mark Mancari.
2:48 of 3rd period - Goal by Mark Mancari - Demolitions : 3 - Sewer Rats : 4.
2:49 of 3rd period - Kyle Turris wins face-off versus Marek Zagrapan in neutral zone.
2:52 of 3rd period - Nigel Dawes is hit by Nick Palmieri.
2:55 of 3rd period - Off-side.
2:56 of 3rd period - Marek Zagrapan wins face-off versus Kyle Turris in neutral zone.
3:07 of 3rd period - Snap shot by Marek Zagrapan.
3:07 of 3rd period - Deflect By Nigel Dawes.
3:07 of 3rd period - Shot Blocked by Vojtech Polak.
3:07 of 3rd period - Puck is out of play.
3:08 of 3rd period - Peter Mueller wins face-off versus Darren Helm in Sewer Rats zone.
3:34 of 3rd period - Minor Penalty to Nick Palmieri for Hooking.
3:35 of 3rd period - Ville Leino wins face-off versus Darren Helm in Sewer Rats zone.
4:04 of 3rd period - Wrist shot by Anton Babchuk.
4:04 of 3rd period - Deflect By Marek Zagrapan.
4:04 of 3rd period - Stopped by Richard Bachman without a rebound.
4:05 of 3rd period - Lars Eller wins face-off versus Darren Helm in Sewer Rats zone.
4:28 of 3rd period - Snap shot by Marek Zagrapan.
4:28 of 3rd period - Shot Blocked by Lars Eller.
5:34 of 3rd period - Penalty to Nick Palmieri is over, Nick Palmieri is back on ice.
5:57 of 3rd period - Wrist shot by David Laliberté.
5:57 of 3rd period - Shot Misses the Net.
6:16 of 3rd period - Off-side.
6:17 of 3rd period - Kyle Turris wins face-off versus Nicolas Blanchard in neutral zone.
6:20 of 3rd period - Snap shot by Vojtech Polak.
6:20 of 3rd period - Shot Misses the Net.
6:22 of 3rd period - Slapshot by Matt Lashoff.
6:22 of 3rd period - Stopped by Ray Emery without a rebound.
6:23 of 3rd period - Kyle Turris wins face-off versus Nicolas Blanchard in Demolitions zone.
7:27 of 3rd period - Slapshot by Anton Babchuk.
7:27 of 3rd period - Stopped by Richard Bachman with a rebound.
8:10 of 3rd period - Peter Mueller is hit by Nicolas Blanchard and loses puck.
8:23 of 3rd period - Minor Penalty to Mattias Ekholm for Roughing.
8:24 of 3rd period - Darren Helm wins face-off versus Ville Leino in Sewer Rats zone.
8:29 of 3rd period - Snap shot by Ryan Vesce.
8:29 of 3rd period - Shot Misses the Net.
8:31 of 3rd period - Wrist shot by Bobby Butler.
8:31 of 3rd period - Demolitions goal is going for a video replay.
8:31 of 3rd period - The goal is good.
8:31 of 3rd period - Goal by Bobby Butler - Demolitions : 4 - Sewer Rats : 4.
8:32 of 3rd period - Darren Helm wins face-off versus Peter Mueller in neutral zone.
8:41 of 3rd period - Snap shot by Bobby Butler.
8:41 of 3rd period - Shot Misses the Net.
8:57 of 3rd period - Anton Babchuk is hit by Lars Eller and loses puck.
9:02 of 3rd period - Snap shot by Lars Eller.
9:02 of 3rd period - Shot Blocked by Cameron Schilling.
9:04 of 3rd period - Snap shot by Jared Boll.
9:04 of 3rd period - Shot Misses the Net.
9:06 of 3rd period - Backhand shot by Lars Eller.
9:06 of 3rd period - Shot Misses the Net.
9:20 of 3rd period - Slapshot by Cameron Schilling.
9:20 of 3rd period - Stopped by Richard Bachman with a rebound.
9:49 of 3rd period - Snap shot by David Laliberté.
9:49 of 3rd period - Shot Misses the Net.
10:09 of 3rd period - Snap shot by Josh Beaulieu.
10:09 of 3rd period - Shot Misses the Net.
10:21 of 3rd period - Minor Penalty to Chris Wideman for Hooking.
10:22 of 3rd period - Mark Mancari wins face-off versus Bobby Butler in Demolitions zone.
10:53 of 3rd period - Ryan Vesce is hit by Matt Lashoff and loses puck.
12:01 of 3rd period - Nigel Dawes is hit by Steven Kampfer and loses puck.
12:21 of 3rd period - Penalty to Chris Wideman is over, Chris Wideman is back on ice.
12:24 of 3rd period - Chris Wideman is hit by Lars Eller and loses puck.
13:09 of 3rd period - Wrist shot by Nigel Dawes.
13:09 of 3rd period - Shot Misses the Net.
13:11 of 3rd period - Snap shot by Nigel Dawes.
13:11 of 3rd period - Stopped by Richard Bachman with a rebound.
13:13 of 3rd period - Snap shot by Marek Zagrapan.
13:13 of 3rd period - Shot Misses the Net.
13:45 of 3rd period - Kyle Quincey is hit by David Laliberté and loses puck.
14:29 of 3rd period - Jared Boll is hit by David Rundblad and loses puck.
14:40 of 3rd period - Konstantin Pushkarev is hit by Derek Dorsett.
15:52 of 3rd period - Wrist shot by Ryan Vesce.
15:52 of 3rd period - Shot Misses the Net.
16:10 of 3rd period - Slapshot by Konstantin Pushkarev.
16:10 of 3rd period - Deflect By Josh Beaulieu.
16:10 of 3rd period - Goal by Josh Beaulieu - Demolitions : 5 - Sewer Rats : 4.
16:11 of 3rd period - Peter Mueller wins face-off versus Billy Sweat in neutral zone.
17:29 of 3rd period - Snap shot by Josh Beaulieu.
17:29 of 3rd period - Stopped by Richard Bachman without a rebound.
17:30 of 3rd period - Nicolas Blanchard wins face-off versus Lars Eller in Sewer Rats zone.
17:31 of 3rd period - Slapshot by Anton Babchuk.
17:31 of 3rd period - Stopped by Richard Bachman with a rebound.
17:33 of 3rd period - Snap shot by Billy Sweat.
17:33 of 3rd period - Stopped by Richard Bachman without a rebound.
17:34 of 3rd period - Nicolas Blanchard wins face-off versus Lars Eller in Sewer Rats zone.
17:35 of 3rd period - Snap shot by David Laliberté.
17:35 of 3rd period - Stopped by Richard Bachman without a rebound.
17:36 of 3rd period - Lars Eller wins face-off versus David Laliberté in Sewer Rats zone.
17:43 of 3rd period - Snap shot by David Laliberté.
17:43 of 3rd period - Stopped by Richard Bachman with a rebound.
17:45 of 3rd period - Slapshot by Anton Babchuk.
17:45 of 3rd period - Stopped by Richard Bachman without a rebound.
17:46 of 3rd period - Nicolas Blanchard wins face-off versus Patrick Bordeleau in Sewer Rats zone.
18:14 of 3rd period - Off-side.
18:15 of 3rd period - Darren Helm wins face-off versus Peter Mueller in neutral zone.
18:17 of 3rd period - Off-side.
18:18 of 3rd period - Nicolas Blanchard wins face-off versus Lars Eller in neutral zone.
18:24 of 3rd period - Minor Penalty to Patrick Bordeleau for Slashing.
18:25 of 3rd period - Ville Leino wins face-off versus Darren Helm in Sewer Rats zone.
18:35 of 3rd period - Snap shot by Anton Babchuk.
18:35 of 3rd period - Shot Misses the Net.
18:56 of 3rd period - Mark Mancari is hit by Marek Zagrapan and loses puck.
19:13 of 3rd period - Wrist shot by Nick Palmieri.
19:13 of 3rd period - Shot Misses the Net.
19:20 of 3rd period - Off-side.
19:21 of 3rd period - Brent Sutter call a timeout for Sewer Rats.
19:21 of 3rd period - Ville Leino wins face-off versus Nigel Dawes in neutral zone.
19:24 of 3rd period - Wrist shot by Steven Kampfer.
19:24 of 3rd period - Shot Misses the Net.
19:32 of 3rd period - Wrist shot by Ville Leino.
19:32 of 3rd period - Stopped by Ray Emery without a rebound.
19:33 of 3rd period - Darren Helm wins face-off versus Ville Leino in Demolitions zone.
19:54 of 3rd period - Minor Penalty to Cameron Schilling for Hooking.
19:55 of 3rd period - Bobby Butler wins face-off versus Ville Leino in Demolitions zone.
Goals for this period are 2 for Demolitions vs 1 for Sewer Rats.
Shots for this period are 12 for Demolitions vs 3 for Sewer Rats.